 Dungeon Crawl Stone Soup version 0.20-a0-529-gc48301f (webtiles) character file.

233 Asddderdsw the Insei (level 6, 0/30 HPs)
             Began as a Vine Stalker Transmuter on Jan 26, 2017.
             Slain by a slave (8 damage)
             ... led by Pikel
             ... on level 5 of the Dungeon.
             The game lasted 00:23:30 (3212 turns).

Asddderdsw the Insei (Vine Stalker Transmuter)      Turns: 3212, Time: 00:23:31

Health: 0/30       AC:  5    Str: 12    XL:     6   Next: 5%
Magic:  0/12       EV: 12    Int: 15    God:
Gold:   283        SH:  0    Dex: 15    Spells: 2/12 levels left

rFire    . . .     SeeInvis .     - Unarmed
rCold    . . .     Gourm    .   b - +0 robe
rNeg     . . .     Faith    .   (no shield)
rPois    .         Spirit   +   m - +1 helmet
rElec    .         Reflect  .   l - +0 cloak
rCorr    .         Harm     .   (no gloves)
MR       .....                  (no boots)
Stlth    ++........             n - amulet of guardian spirit (curse)
Regen    0.5/turn               (no ring)
                                (no ring)

@: flying, very slightly contaminated, drained
A: fangs 2, regeneration 1, magic shield, antimagic bite, no potion heal 3, rot
immunity
a: no special abilities


You were on level 5 of the Dungeon.
You were hungry.

You visited 1 branch of the dungeon, and saw 5 of its levels.

You collected 283 gold pieces.

Inventory:

Missiles
 a - 110 arrows
 g - 136 stones (quivered)
 w - 4 tomahawks
Armour
 b - a +0 robe (worn)
 l - a +0 cloak (worn)
 m - a +1 helmet (worn)
Jewellery
 k - an uncursed amulet of faith
 n - a cursed amulet of guardian spirit (around neck)
Scrolls
 f - 3 scrolls of teleportation
 i - 3 scrolls of identify {unknown}
 q - a scroll of enchant armour {unknown}
 r - 2 scrolls of recharging
 s - a scroll of noise {unknown}
 t - a scroll of amnesia {unknown}
 y - a scroll of remove curse {unknown}
Potions
 e - a potion of ambrosia
 j - a potion of heal wounds
 o - a potion of brilliance
 u - a potion of cancellation
Books
 c - a book of Changes

   Spells                             Type                      Level
   a - Beastly Appendage              Transmutation                1
   b - Sticks to Snakes               Transmutation                2
   c - Spider Form                    Transmutation/Poison         3
   d - Ice Form                       Ice/Transmutation            4
   e - Blade Hands                    Transmutation                5
Comestibles
 d - 5 bread rations
 x - a royal jelly
 A - a meat ration
 B - 4 fruits


   Skills:
 + Level 1.2(1.0) Fighting
 + Level 2.0(1.8) Dodging
 + Level 1.1(0.9) Stealth
 + Level 4.3(4.1) Unarmed Combat
 + Level 3.8(3.6) Spellcasting
 + Level 3.1(2.9) Transmutations
 + Level 0.6(0.3) Poison Magic


You had 2 spell levels left.
You knew the following spells:

 Your Spells              Type           Power        Failure   Level  Hunger
a - Beastly Appendage     Tmut           ##....       8%          1    None
b - Sticks to Snakes      Tmut           ##......     12%         2    ##.....
c - Spider Form           Tmut/Pois      #.........   30%         3    ###....
d - Ice Form              Ice/Tmut       #.......     93%         4    ####...


Dungeon Overview and Level Annotations

Branches:
Dungeon (5/15)
 Temple: D:4-7

Altars:
Makhleb
Okawaru
Yredelemnul

Shops:
D:4 =

Annotations:
D:5 Edmund, Pikel


Innate Abilities, Weirdness & Mutations

You have extremely sharp teeth.
Your natural rate of healing is unusually fast.
When hurt, damage is shared between your health and your magic reserves.
Your bite disrupts and absorbs the magic of your enemies.
Potions cannot restore your health.
You are immune to rotting.


Message History

You feel less confused. The jackal bites you. The slave closely misses you.
Pikel barely misses you.
The jackal bites you but does no damage.
It was a potion of flight.
You feel very buoyant.
You fly up into the air.
The slave barely misses you. Pikel hits you with a whip of flaming!
* * * LOW HITPOINT WARNING * * *
Pikel burns you.
* * * LOW HITPOINT WARNING * * *
The jackal bites you but does no damage.
Unknown command.
Casting: Sticks to Snakes
Confirm with . or Enter, or press ? or * to list all spells.
You miscast Spider Form.
You are very lightly contaminated with residual magic.
The air around you crackles with energy!
You are feeling hungry.
The jackal bites you. The slave hits you!
You die...

##....Kp....###
#..#####....###
##..# ####...#
#...## ###.#
##...h# #.#
#...##@## #.#
#####...# #pp##
#S@#
####.....##
##pK#### ##...
.....#...##
##@hW.# ...(.
..........##
####....#
......#
##.........##
##.........#
#...........#
.......#
#.).........#
.....##
#......<....#
##.........##
##...#...##
#########


You could see Edmund, Pikel, a phantom, 3 slaves and 2 jackals.

Vanquished Creatures
  A jelly (D:5)
  A bullfrog skeleton (D:5)
  An orc wizard (D:4)
  A worker ant (D:4)
  6 adders
  An adder skeleton (D:4)
  2 worms (D:2)
  3 leopard geckos
  4 orcs
  A ball python (D:1)
  3 bats (D:1)
  A giant cockroach (D:4)
  2 goblins
  10 hobgoblins
  A quokka (D:5)
  7 frilled lizards
  2 kobolds (D:1)
  6 rats
53 creatures vanquished.

Vanquished Creatures (collateral kills)
  An adder (D:2)
1 creature vanquished.

Grand Total: 54 creatures vanquished

Notes
Turn   | Place    | Note
-------+----------+-------------------------------------------
     0 | D:1      | Asddderdsw the Vine Stalker Transmuter began the quest for the Orb.
     0 | D:1      | Reached XP level 1. HP: 9/9 MP: 4/4
   246 | D:1      | Reached XP level 2. HP: 9/14 MP: 3/6
   250 | D:1      | Learned a level 2 spell: Sticks to Snakes
   743 | D:2      | Reached XP level 3. HP: 17/17 MP: 5/7
  1034 | D:2      | Found a faded altar of an unknown god.
  1048 | D:2      | Reached skill level 1 in Stealth
  1239 | D:2      | Found a basalt altar of Yredelemnul.
  1479 | D:2      | Gained mutation: Your natural rate of healing is unusually fast. [Vine Stalker growth]
  1479 | D:2      | Reached XP level 4. HP: 14/21 MP: 6/9
  1819 | D:2      | Learned a level 3 spell: Spider Form
  1919 | D:2      | Reached skill level 1 in Fighting
  2038 | D:3      | Noticed a phantom
  2392 | D:4      | Found Cial's Jewellery Emporium.
  2625 | D:4      | Reached skill level 4 in Unarmed Combat
  2625 | D:4      | Reached XP level 5. HP: 25/25 MP: 8/10
  2631 | D:4      | Learned a level 4 spell: Ice Form
  2698 | D:4      | Found a burning altar of Makhleb.
  2882 | D:4      | Found an iron altar of Okawaru.
  3007 | D:5      | Entered Level 5 of the Dungeon
  3098 | D:5      | Reached XP level 6. HP: 22/30 MP: 8/12
  3161 | D:5      | Noticed Edmund
  3173 | D:5      | Noticed a slave
  3174 | D:5      | Noticed a slave
  3174 | D:5      | Noticed a slave
  3174 | D:5      | Noticed Pikel
  3175 | D:5      | Noticed a slave
  3201 | D:5      | Noticed a phantom
  3212 | D:5      | Slain by a slave

Vault maps used:
D:1:      dpeg_arrival_more_subterranean_lakeside_camping,
          minmay_misc_feat_alley
D:2:      yredelemnul_altar_generic, chequers_ecumenical_altar_twisty,
          minmay_box_of_dots
D:3:      kennysheep_six_static_rooms
D:4:      marbit_many_paths, lemuel_coloured_pillars_altar, first_bread,
          serial_shops, shop
D:5:      uniq_pikel, uniq_edmund

Skill      XL: |  1  2  3  4  5 |
---------------+----------------+-----
Stealth        | 1 |  1.1
Spellcasting   | 3 |  3.8
Fighting       | 1 |  1.2
Unarmed Combat | 4 |  4.3
Transmutations | 3 |  3.1
Dodging        | 2 |  2.0
Poison Magic   | |  0.6

Action                   |  1- 3 |  4- 6 || total
-------------------------+-------+-------++-------
Melee: Unarmed           |   103 |   103 ||   206
       Headbutt          |     7 |     5 ||    12
       Bite              |    21 |    19 ||    40
       Kick              |     5 |     7 ||    12
Throw: Stone             |    28 |    31 ||    59
 Cast: Beastly Appendage |    22 |    16 ||    38
       Spider Form       |       |     5 ||     5
       Sticks to Snakes  |       |     7 ||     7
  Use: Potion            |       |     8 ||     8
       Scroll            |       |     2 ||     2
 Stab: Sleeping          |     2 |       ||     2
  Eat: Chunk             |     2 |     2 ||     4
       Bread ration      |       |     1 ||     1
Armor: Robe              |    14 |    26 ||    40
       Skin              |       |     1 ||     1
Dodge: Dodged            |    47 |    83 ||   130
